 Dungeon Crawl Stone Soup version 0.28.0-56-g4927b6849a (webtiles) character file.

Game seed: 15895817161831889487

8581 cbfl8 the Cleaver (level 11, -5/97 HPs)
             Began as a Minotaur Berserker on Jan 27, 2023.
             Was a High Priest of Trog.
             Slain by a yak (9 damage)
             ... on level 8 of the Dungeon.
             The game lasted 00:11:43 (13312 turns).

cbfl8 the Cleaver (Minotaur Berserker)             Turns: 13312, Time: 00:11:44

Health: -5/97      AC: 12    Str: 23    XL:     11   Next: 11%
Magic:  10/10      EV:  8    Int:  4    God:    Trog [*****.]
Gold:   621        SH: 10    Dex: 13    Spells: 10/10 levels left

rFire   x . .      SeeInvis .   E - +0 broad axe
rCold   + . .      Faith    .   d - +0 kite shield
rNeg    . . .      Spirit   .   w - +1 chain mail {Will+}
rPois   .          Reflect  .   (helmet restricted)
rElec   .          Harm     .   (no cloak)
rCorr   .          Rampage  .   (no gloves)
Will    +....                   (no boots)
Stlth   ..........              (no amulet)
HPRegen 0.26/turn               q - ring of ice
MPRegen 0.12/turn               (no ring)

@: about to teleport
A: horns 2, retaliatory headbutt
a: Renounce Religion, Berserk, Trog's Hand, Brothers in Arms


You were on level 8 of the Dungeon.
You worshipped Trog.
Trog was extremely pleased with you.
You visited 1 branch of the dungeon, and saw 9 of its levels.
You also visited: Bailey.

You collected 621 gold pieces.

Inventory:

Hand Weapons
 E - a +0 broad axe (weapon)
Missiles
 b - 3 throwing nets
Armour
 d - a +0 kite shield (worn)
 w - a +1 chain mail of willpower (worn)
Jewellery
 q - a ring of ice (left hand)
Wands
 o - a wand of iceblast (24)
 y - a wand of flame (38)
Scrolls
 i - a scroll of torment {unknown}
 k - a scroll of enchant armour
 m - a scroll of brand weapon {unknown}
 n - 2 scrolls of blinking {unknown}
 p - 2 scrolls of magic mapping
 s - 2 scrolls of noise
 t - 2 scrolls of fog
 x - 3 scrolls of enchant weapon {unknown}
 z - a scroll of immolation {unknown}
 B - 3 scrolls of fear
 C - a scroll of amnesia {unknown}
 F - a scroll of acquirement
 G - a scroll of silence {unknown}
Potions
 a - 4 potions of curing {unknown}
 c - 2 potions of heal wounds {unknown}
 e - 2 potions of attraction {unknown}
 f - a potion of might {unknown}
 g - 3 potions of haste {unknown}
 h - a potion of cancellation {unknown}
 j - 2 potions of lignification {unknown}
 l - 3 potions of flight {unknown}
 r - 3 potions of resistance {unknown}
 v - a potion of mutation {unknown}
 A - a potion of berserk rage {unknown}
 D - a potion of degeneration {unknown}


   Skills:
 + Level 9.0 Fighting
 + Level 13.8 Axes
 + Level 10.0 Armour
 + Level 4.7 Dodging
 + Level 0.9 Stealth
 + Level 7.2 Shields
 + Level 1.0 Unarmed Combat
 + Level 0.8 Evocations


You had 10 spell levels left.
You didn't know any spells.
Your spell library was empty.

Dungeon Overview and Level Annotations

Branches:
Dungeon (9/15)             Temple (0/1) D:5            Lair (0/6) D:8
 Bailey (visited)
    Orc: D:9-12

Altars:
Fedhas
Okawaru
Qazlal
Trog
Yredelemnul
Zin
Beogh

Shops:
D:1 (::   D:8 [[(*[

Annotations:
D:6 3 runed translucent doors, safid's ghost, novice HOFi


Innate Abilities, Weirdness & Mutations

You have a pair of horns on your head.
You reflexively headbutt those who attack you in melee.


Message History

You furiously retaliate!
You headbutt the yak! The yak gores you.
Unknown command.
You hit the yak.
You kill the yak!
Trog accepts your kill.
You slash the yak! You hit the yak. You slash the yak! You hit the yak.
The yak gores you! x2; You block the yak's attack.
The yak gores you!
Unknown command.
You slash the yak!
You kill the yak!
Trog accepts your kill.
You hit the yak. You slash the yak! x2
You kill the yak!
Trog accepts your kill.
You hit the yak but do no damage. You block the yak's attack.
The yak gores you! The yak gores you. The yak gores you! x2
* * * LOW HITPOINT WARNING * * *
The yak gores you!
* * * LOW HITPOINT WARNING * * *
You are too injured to fight recklessly!
Unknown command.
You are too injured to fight recklessly!
Unknown command.
You are too injured to fight recklessly!
Unknown command.
You block the yak's attack. The yak gores you.
* * * LOW HITPOINT WARNING * * *
There is a stone staircase leading down here.
The yak closely misses you. You furiously retaliate!
You headbutt the yak, but do no damage.
Found 9 gold pieces.
There is a stone staircase leading up here.
The yak closely misses you. You block the yak's attack.
You climb upwards.
There is a stone staircase leading down here.
As you read the scroll of teleportation, it crumbles to dust.
You feel strangely unstable. The yak gores you!
* * * LOW HITPOINT WARNING * * *
The yak gores you!
You die...

##### ....# ....#
....################
P..)............@Y.#####
∩..†##....#######Y.....#
....##....# #....#.###
....##....#######.##.#...#
....##....#..........#.#.#
######....#.######.#####.##
# #....#.# #........# #
#......# #.######## #
####....###### #.#


You could see 2 yaks.

Vanquished Creatures
  An orc warlord (Bailey)
  A centaur warrior (D:8)
  2 orc knights (Bailey)
  3 yaks (D:9)
  3 wyverns
  A steam dragon (D:7)
  Menkaure (D:6)
  An acid dragon (D:8)
  14 orc warriors
  3 ice beasts (D:7)
  2 black bears
  3 necrophages (D:5)
  2 sky beasts
  A centaur (D:8)
  2 ogres
  2 phantoms
  A kobold brigand (D:7)
  A bullfrog (D:7)
  4 scorpions
  2 gnoll sergeants (D:8)
  3 water moccasin zombies
  A water moccasin skeleton (D:7)
  3 bullfrog zombies
  A jelly (D:5)
  2 centaur zombies
  9 orc priests
  A bullfrog skeleton (D:7)
  A human zombie (D:5)
  A gnoll shaman (D:7)
  4 hounds
  2 orc wizards
  Ijyb (D:3)
  Terence (D:3)
  5 iguanas
  2 scorpion zombies (D:5)
  A killer bee zombie (D:7)
  2 hound zombies (D:5)
  2 hound skeletons
  2 howler monkey zombies
  29 gnolls
  A howler monkey skeleton (D:4)
  6 adders
  3 shadow imps
  2 white imps
  2 ufetubi
  2 worms (D:5)
  3 dart slugs
  39 orcs
  5 ball pythons
  14 endoplasms
  5 giant cockroaches
  23 goblins
  14 hobgoblins
  11 jackals
  5 quokkas
  A bat (D:2)
  3 frilled lizards (D:3)
  12 kobolds
  7 rats
281 creatures vanquished.

Vanquished Creatures (collateral kills)
  An orc warrior (Bailey)
  A gnoll (Bailey)
2 creatures vanquished.

Vanquished Creatures (others)
  A plant (D:8)
1 creature vanquished.

Grand Total: 284 creatures vanquished

Notes
Turn   | Place    | Note
-------+----------+-------------------------------------------
     0 | D:1      | cbfl8 the Minotaur Berserker began the quest for the Orb.
     0 | D:1      | Reached XP level 1. HP: 19/19 MP: 0/0
    74 | D:1      | Found Guodubb's Book Shoppe.
   266 | D:1      | Reached skill level 4 in Axes
   266 | D:1      | Reached XP level 2. HP: 25/27 MP: 1/1
   315 | D:1      | Found Xumme's Book Boutique.
   463 | D:1      | Found a faded altar of an unknown god.
   512 | D:1      | Reached ** piety under Trog
   552 | D:1      | Found Ragriciseo's Antique Weapon Shop.
   739 | D:1      | Reached XP level 3. HP: 33/33 MP: 2/2
  1092 | D:2      | Reached XP level 4. HP: 41/41 MP: 3/3
  1230 | D:2      | Reached skill level 5 in Axes
  2037 | D:3      | Noticed Terence
  2042 | D:3      | Killed Terence
  2043 | D:3      | Reached skill level 1 in Shields
  2043 | D:3      | Reached XP level 5. HP: 47/47 MP: 4/4
  2050 | D:3      | Noticed Ijyb
  2075 | D:3      | Killed Ijyb
  2229 | D:3      | Reached *** piety under Trog
  2425 | D:3      | Noticed a phantom
  2430 | D:3      | Found a blossoming altar of Fedhas.
  2436 | D:3      | Killed a phantom
  2437 | D:3      | Reached skill level 5 in Fighting
  2437 | D:3      | Reached skill level 6 in Axes
  2437 | D:3      | Reached XP level 6. HP: 15/56 MP: 5/5
  3638 | D:4      | Reached skill level 1 in Unarmed Combat
  4550 | D:5      | Entered Level 5 of the Dungeon
  4558 | D:5      | Found a staircase to the Ecumenical Temple.
  4594 | D:5      | Reached skill level 7 in Axes
  4594 | D:5      | Reached XP level 7. HP: 52/61 MP: 6/6
  4788 | D:5      | Noticed a moth of wrath
  4791 | D:5      | Found a bloodstained altar of Trog.
  4798 | D:5      | Reached **** piety under Trog
  5296 | D:5      | Found a basalt altar of Yredelemnul.
  5392 | D:5      | Reached skill level 8 in Axes
  5457 | D:5      | Reached XP level 8. HP: 71/71 MP: 7/7
  5695 | D:5      | Reached skill level 9 in Axes
  5969 | D:6      | Reached skill level 5 in Armour
  6019 | D:6      | Found an iron altar of Okawaru.
  6240 | D:6      | Found a runed translucent gate.
  6240 | D:6      | Found a runed translucent gate.
  6240 | D:6      | Found a runed translucent gate.
  6240 | D:6      | Noticed safid's ghost (novice HOFi)
  6389 | D:6      | Noticed Menkaure
  6399 | D:6      | Killed Menkaure
  7046 | D:7      | Reached skill level 10 in Axes
  7046 | D:7      | Reached XP level 9. HP: 21/78 MP: 8/8
  7727 | D:7      | Reached skill level 5 in Shields
  9069 | D:7      | Reached skill level 11 in Axes
  9373 | D:7      | Reached ***** piety under Trog
  9415 | D:7      | Found a stormy altar of Qazlal.
  9988 | D:8      | Reached XP level 10. HP: 54/88 MP: 9/9
 10141 | D:8      | Found Omoaloumana's Antique Armour Shoppe.
 10206 | D:8      | Found Haichoq's Antique Armour Shop.
 10269 | D:8      | Identified the +10 scimitar "Bycs" {vorpal, rPois rN+}
 10269 | D:8      | Noticed a centaur warrior
 10280 | D:8      | Killed a centaur warrior
 10281 | D:8      | Reached skill level 12 in Axes
 10290 | D:8      | Found Fyolotz's Antique Weapon Emporium.
 10653 | D:8      | Found Taytyize's Armour Shoppe.
 10944 | D:8      | Found Reacur's Assorted Antiques.
 11049 | D:8      | Found a glowing silver altar of Zin.
 11164 | D:8      | Found a staircase to the Lair.
 11418 | D:9      | Found a flagged portal.
 11432 | Bailey   | Entered a bailey
 11534 | Bailey   | Noticed an orc knight
 11550 | Bailey   | Killed an orc knight
 12219 | Bailey   | HP: 3/90 [orc warrior/+0 war axe (16)]
 12221 | Bailey   | Reached skill level 13 in Axes
 12499 | Bailey   | Noticed an orc warlord
 12508 | Bailey   | Noticed an orc knight
 12739 | Bailey   | Killed an orc warlord
 12781 | Bailey   | Received a gift from Trog
 12796 | Bailey   | Killed an orc knight
 12797 | Bailey   | Reached skill level 10 in Armour
 12797 | Bailey   | Reached XP level 11. HP: 33/97 MP: 10/10
 13312 | D:8      | HP: 4/97 [yak (8)]
 13312 | D:8      | Slain by a yak

Illustrated notes

Levels and vault maps discovered:
D:1:      kilobyte_arrival_exit_the_forest, layout_basic, serial_shops, shop,
          nicolae_lakefront_shop, nicolae_shop_crystal,
          chequers_ecumenical_altar_simple_redux
D:2:      layout_basic
D:3:      layout_loops_cross, fedhas_altar_2, uniq_ijyb, uniq_terence
D:4:      layout_loops_corners, kennysheep_minor_cross, eino_tiny_chamber,
          kennysheep_cluttered_room
D:5:      layout_loops_cross, lemuel_mausoleum_altar_yredelemnul, tgw_trog,
          minmay_temple_entry_from_below_a, kennysheep_generic_room_10
D:6:      layout_loops_ring, okawaru_metal_pillars_3,
          biasface_ghost_orc_armoury, uniq_menkaure
D:7:      minmay_s_stair_smasher, layout_loops_ring,
          mainiacjoe_overflow_chevrons, grunt_ministairs_10
D:8:      layout_basic, zin_academy, lair_entry_dummy, serial_shops,
          nicolae_shop_overgrown_old_shop,
          nicolae_shop_temple_entry_statues_fountains, shop, shop_statue, shop
D:9:      layout_irregular_city, mainiacjoe_overflow_alcove_1, enter_bailey_3

Skill      XL: |  1  2  3  4  5  6  7  8  9 10 |
---------------+-------------------------------+-----
Axes           | 4 5 6 7 8 10 11 13 | 13.8
Fighting       | 4 5 6 8 9 |  9.0
Dodging        | 3 4 |  4.7
Shields        | 1 2 3 4 5 7 |  7.2
Armour         | 3 4 6 8 10 | 10.0
Unarmed Combat | 1 |  1.0
Stealth        | |  0.9
Evocations     | |  0.8

Action                   |  1- 3 |  4- 6 |  7- 9 | 10-12 || total
-------------------------+-------+-------+-------+-------++-------
Melee: Hand axe          |    39 |       |       |       ||    39
       Headbutt          |     7 |    33 |    72 |    36 ||   148
       War axe           |    11 |   147 |   342 |   115 ||   615
       Unarmed           |       |    20 |       |       ||    20
       Broad axe         |       |       |       |    68 ||    68
Invok: Berserk           |     1 |     1 |     2 |     5 ||     9
       Brothers in Arms  |       |       |       |     1 ||     1
Evoke: Wand              |       |       |       |     7 ||     7
  Use: Scroll            |       |       |     5 |     6 ||    11
Armor: Animal skin       |     9 |       |       |       ||     9
       Scale mail        |    11 |    50 |       |       ||    61
       Chain mail        |       |     2 |   148 |    56 ||   206
Dodge: Dodged            |    26 |    58 |    98 |    67 ||   249
Block: Kite shield       |    20 |    64 |   143 |   101 ||   328
